 Dungeon Crawl Stone Soup version 0.31-a0-845-g9abc20d24f (webtiles) character file.

Game seed: 3341816689869897787

9839 Hubris850 the Mimic (level 11, -9/76 HPs)
             Began as a Merfolk Shapeshifter on Oct 2, 2023.
             Was an Elder of Makhleb.
             Mangled by a boulder beetle (12 damage)
             ... on level 11 of the Dungeon.
             The game lasted 00:27:01 (9657 turns).

Hubris850 the Mimic (Merfolk Shapeshifter)          Turns: 9657, Time: 00:27:01

Health: -9/76      AC:  9    Str: 16    XL:     11   Next: 52%
Magic:  0/13       EV: 26    Int: 11    God:    Makhleb [****..]
Gold:   738        SH:  0    Dex: 15    Spells: 10/10 levels left

rFire   . .          .
                       - Unarmed
rCold   . . .        (shield currently unavailable)
rNeg    . . .        t - +3 robe "Jaipn" {Will+}
rPois   .            V - +1 hat
rElec   .            a - +0 cloak
rCorr   .            r - melded +0 pair of gloves
SInv    .            (no boots)
Will    +....        T - amulet of guardian spirit
Stlth   +++          e - +4 ring of protection
HPRegen 0.32/turn    I - ring of the Hare {EV+10}
MPRegen 0.13/turn

%: guardian spirit
@: blade hands
A: (nimble swimmer 2), mertail
a: Begin Untransformation, Renounce Religion, Minor Destruction, Lesser Servant
of Makhleb, Major Destruction


You were on level 11 of the Dungeon.
You worshipped Makhleb.
Makhleb was greatly pleased with you.
You had blades for hands.
You visited 2 branches of the dungeon, and saw 12 of its levels.
You also visited: Bailey.

You collected 766 gold pieces.
You spent 28 gold pieces at shops.

Inventory:

Hand Weapons
 L - a +1 short sword of electrocution
Missiles
 h - 7 boomerangs
 j - 11 poisoned darts
 X - 5 javelins
Armour
 a - a +0 cloak (worn)
 l - a +0 troll leather armour
 r - a +0 pair of gloves (melded)
 t - the +3 robe "Jaipn" (worn) {Will+}
   (You found it on level 3 of the Dungeon)

   Will+:     It increases your willpower.
 D - a +2 leather armour of fire resistance
 U - +0 steam dragon scales
 V - a +1 hat (worn)
Jewellery
 e - a +4 ring of protection (left blade hand)
 w - a ring of willpower
 I - the ring of the Hare (right blade hand) {EV+10}
   (You found it on level 8 of the Dungeon)

   [ring of evasion]

   EV+10:     It affects your evasion (+10).
 M - a ring of magical power
 R - a ring of willpower
 T - an amulet of guardian spirit (around neck)
Talismans
 c - a beast talisman
 d - a flux talisman
 s - a blade talisman (active)
 K - a maw talisman
Wands
 y - a wand of roots (7)
 G - a wand of light (5)
 J - a wand of paralysis (11)
Scrolls
 g - a scroll of immolation {unknown}
 m - a scroll of noise {unknown}
 n - a scroll of torment {unknown}
 o - 7 scrolls of enchant weapon
 q - 2 scrolls of teleportation
 z - 2 scrolls of brand weapon
 A - a scroll of blinking
 B - a scroll of fog {unknown}
 C - a scroll of vulnerability {unknown}
 N - 4 scrolls of enchant armour
 W - a scroll of poison {unknown}
 Z - a scroll of revelation {unknown}
Potions
 b - 2 potions of lignification
 f - a potion of might
 i - a potion of berserk rage
 u - a potion of ambrosia
 v - 6 potions of magic
 x - 3 potions of mutation
 E - 2 potions of curing
 F - a potion of brilliance
 H - a potion of cancellation
 O - a potion of resistance
 P - 2 potions of heal wounds
 Q - a potion of haste
 S - a potion of invisibility
 Y - a potion of attraction
Miscellaneous
 k - a condenser vane


   Skills:
 + Level 3.7 Fighting
 - Level 8.0 Dodging
 + Level 3.7 Stealth
 + Level 12.7 Unarmed Combat
 - Level 3.0 Invocations
 + Level 13.8 Shapeshifting


You had 10 spell levels left.
You didn't know any spells.
Your spell library contained the following spells:

 Spells                   Type           Power      Damage    Failure   Level
 Sandblast                Erth           0%         2d4       34%         1
 Ensorcelled Hibernation  Hex/Ice        0%         N/A       47%         2
 Jinxbite                 Hex            0%         N/A       47%         2
 Passwall                 Tmut/Erth      0%         N/A       47%         2
 Scorch                   Fire           0%         2d5       47%         2
 Frozen Ramparts          Ice            0%         1d1       71%         3
 Stone Arrow              Conj/Erth      0%         3d7       71%         3
 Anguish                  Hex/Necr       0%         N/A       98%         4
 Animate Armour           Summ/Erth      0%         N/A       98%         4
 Brom's Barrelling Bould  Conj/Erth      0%         2d3       98%         4
 Flame Wave               Conj/Fire      0%         2d4       98%         4
 Manifold Assault         Tloc           0%         N/A       98%         4
 Petrify                  Tmut/Erth      0%         N/A       98%         4
 Fireball                 Conj/Fire      0%         3d3       100%        5
 Iskenderun's Battlesphe  Conj           0%         2d6       100%        5
 Metabolic Englaciation   Hex/Ice        0%         N/A       100%        5
 Conjure Ball Lightning   Conj/Air       0%         3x3d6     100%        6
 Dispersal                Tloc           0%         N/A       100%        6
 Summon Cactus Giant      Summ           0%         N/A       100%        6
 Orb of Destruction       Conj           0%         9d5       100%        7
 Disjunction              Tloc           0%         N/A       100%        8
 Lehudib's Crystal Spear  Conj/Erth      0%         10d2      100%        8


Dungeon Overview and Level Annotations

Branches:
Dungeon (11/15)            Temple (1/1) D:5          Bailey (visited)
   Lair: D:8-11         Orc: D:9-12

Altars:
Ashenzari
Cheibriados
Dithmenos
Elyvilon
Fedhas
Gozag
Hepliaklqana
Kikubaaqudgha
Makhleb
Nemelex Xobeh
Okawaru
Qazlal
Ru
Sif Muna
Trog
Uskayaw
Vehumet
Wu Jian
Xom
Yredelemnul
Zin
The Shining One

Shops:
D:4 [!?[[   D:8 (


Innate Abilities, Weirdness & Mutations

You have blades for hands.
You are incapable of wielding weapons or throwing items.
((You are very nimble when in or above water. (Stealth+, EV+, Speed+++)))
Your lower body shifts to a powerful aquatic tail in water.


Message History

A boulder beetle comes into view.
You can't do that in your present form.
The boulder beetle curls into a ball and begins rolling!
The boulder beetle misses you.
The boulder beetle stops rolling and uncurls.
You hit the boulder beetle but do no damage.
You slice the boulder beetle!!
The boulder beetle is moderately wounded.
The boulder beetle leaps!
Found a stone staircase leading up.
The boulder beetle curls into a ball and begins rolling!
The boulder beetle hits you!!!
Ouch! That really hurt!
The boulder beetle stops rolling and uncurls.
You hit the boulder beetle.
The boulder beetle is heavily wounded.
The boulder beetle bites you!
* * * LOW HITPOINT WARNING * * *
You slash the boulder beetle!
The boulder beetle is heavily wounded.
The boulder beetle barely misses you.
You slice the boulder beetle!!
The boulder beetle is severely wounded.
The boulder beetle completely misses you.
You slash the boulder beetle!
The boulder beetle is almost dead.
You barely miss the boulder beetle.
The boulder beetle is almost dead.
The boulder beetle misses you.
You hit the boulder beetle but do no damage.
The boulder beetle is almost dead.
The boulder beetle closely misses you.
You hit the boulder beetle but do no damage.
The boulder beetle is almost dead.
The boulder beetle bites you!!
* * * LOW HITPOINT WARNING * * *
You hit the boulder beetle but do no damage.
The boulder beetle is almost dead.
The boulder beetle bites you!
You die...

...............##.##.#.#
#...................##.#
###.......#............#
#..###..##..##.......#
#... ....##.####....###
..........#.# ##..## ...
.....####..#
.......#...# ...
#..@..## ....<.B...#
.............
....######....# ...
..... .. ..... . ###.#
.#


You could see a boulder beetle.

Vanquished Creatures
  An orc knight (Bailey)
  A cyclops (D:11)
  An ugly thing (D:11)
  Psyche (D:10)
  A komodo dragon (D:10)
  A kobold demonologist (D:11)
  A troll (D:11)
  A shadow (D:10)
  A wraith (D:10)
  19 yaks
  Eustachio (D:5)
  2 steam dragons
  Menkaure (D:6)
  Edmund (D:5)
  2 water moccasins (D:5)
  10 orc warriors
  An ogre (D:5)
  A sky beast (D:8)
  A centaur (D:7)
  2 phantoms (D:5)
  A kobold brigand (D:8)
  4 bullfrogs
  A gnoll sergeant (D:11)
  4 scorpions
  11 killer bees
  2 howler monkeys (D:10)
  4 hounds
  A jelly (D:8)
  6 orc priests
  4 sleepcaps
  Jessica (D:2)
  2 gnoll boudas
  4 iguanas
  11 orc wizards
  Natasha (thrice) (D:2)
  19 gnolls
  4 adders
  A shadow imp (D:8)
  4 white imps
  3 worms
  A dart slug (D:1)
  46 orcs
  6 endoplasms
  3 giant cockroaches
  7 goblins
  6 hobgoblins
  4 jackals
  9 kobolds
  2 quokkas
  2 ball pythons
  6 bats
  5 frilled lizards
  8 rats
245 creatures vanquished.

Notes
Turn   | Place    | Note
-------+----------+-------------------------------------------
     0 | D:1      | Hubris850 the Merfolk Shapeshifter began the quest for the
                  | Orb.
     0 | D:1      | Reached XP level 1. HP: 15/15 MP: 1/1
   160 | D:1      | Reached XP level 2. HP: 21/21 MP: 2/2
   362 | D:1      | Reached XP level 3. HP: 26/26 MP: 3/3
   817 | D:2      | Noticed Natasha
   827 | D:2      | Killed Natasha
   828 | D:2      | Reached XP level 4. HP: 19/32 MP: 4/4
   861 | D:2      | Noticed Natasha
   867 | D:2      | Killed Natasha
   868 | D:2      | Reached skill level 5 in Shapeshifting
   980 | D:2      | Noticed Jessica
   995 | D:2      | Killed Jessica
  1096 | D:2      | Noticed Natasha
  1106 | D:2      | Killed Natasha
  1107 | D:2      | Reached XP level 5. HP: 22/37 MP: 5/5
  1900 | D:3      | Reached skill level 5 in Unarmed Combat
  2182 | D:3      | Identified the +3 robe "Jaipn" {Will+}
  2583 | D:4      | Found Taimn's Magic Scroll Shop.
  2598 | D:4      | Bought a scroll of identify for 28 gold pieces
  2644 | D:4      | Found Cid Ytuq's Distillery.
  2662 | D:4      | Found Dozumnetz's Armour Shop.
  2907 | D:4      | Found Ycasm's Armour Emporium.
  3020 | D:4      | Reached skill level 6 in Shapeshifting
  3097 | D:4      | Reached XP level 6. HP: 29/43 MP: 6/6
  3277 | D:4      | Found Anidecar's Antique Armour Shop.
  3369 | D:4      | Found a hazy altar of Hepliaklqana.
  3369 | D:4      | Found an ornate altar of the Wu Jian Council.
  3621 | D:5      | Entered Level 5 of the Dungeon
  3632 | D:5      | Noticed Eustachio
  3657 | D:5      | Killed Eustachio
  3658 | D:5      | Reached skill level 7 in Shapeshifting
  3760 | D:5      | Reached XP level 7. HP: 48/48 MP: 7/7
  3827 | D:5      | Reached skill level 8 in Shapeshifting
  3867 | D:5      | Found a staircase to the Ecumenical Temple.
  3879 | D:5      | Reached XP level 8. HP: 46/54 MP: 8/8
  3891 | Temple   | Entered the Ecumenical Temple
  3958 | Temple   | Became a worshipper of Makhleb the Destroyer
  4420 | D:5      | Reached skill level 9 in Shapeshifting
  4802 | D:6      | Noticed Edmund
  4813 | D:5      | Killed Edmund
  5107 | D:6      | Reached skill level 10 in Shapeshifting
  5128 | D:6      | Noticed Menkaure
  5134 | D:6      | Killed Menkaure
  5135 | D:6      | Reached XP level 9. HP: 15/59 MP: 9/9
  5905 | D:7      | Reached * piety under Makhleb
  5992 | D:7      | Reached skill level 10 in Unarmed Combat
  5992 | D:7      | Reached skill level 11 in Shapeshifting
  6574 | D:8      | Found Ontioqykk's Weapon Shoppe.
  6657 | D:8      | Found a flagged portal.
  6661 | D:8      | Found the ring of the Hare {EV+10}
  6692 | Bailey   | Entered a bailey
  6822 | Bailey   | Reached ** piety under Makhleb
  7067 | Bailey   | Reached skill level 5 in Dodging
  7069 | Bailey   | Noticed an orc knight
  7073 | Bailey   | Reached XP level 10. HP: 35/65 MP: 10/10
  7090 | Bailey   | Killed an orc knight
  7091 | Bailey   | Reached skill level 12 in Shapeshifting
  8004 | D:9      | Reached *** piety under Makhleb
  8276 | D:9      | Reached skill level 13 in Shapeshifting
  8748 | D:10     | Entered Level 10 of the Dungeon
  8828 | D:10     | Reached skill level 1 in Stealth
  8828 | D:10     | Reached skill level 1 in Invocations
  8828 | D:10     | Reached XP level 11. HP: 71/71 MP: 11/11
  9109 | D:10     | Noticed Psyche
  9120 | D:10     | Killed Psyche
  9421 | D:11     | Noticed a brown ugly thing
  9435 | D:11     | Killed a brown ugly thing
  9488 | D:11     | Noticed a cyclops
  9504 | D:11     | Killed a cyclops
  9603 | D:11     | Reached **** piety under Makhleb
  9635 | D:11     | Noticed a boulder beetle
  9656 | D:11     | HP: 2/76 [boulder beetle (20)]
  9657 | D:11     | Mangled by a boulder beetle

Illustrated notes

Levels and vault maps discovered:
D:1:      dpeg_arrival_rooms_c, layout_basic, solitary_fountain,
          minmay_gold_behind_fungi, minmay_bisected
D:2:      layout_basic, uniq_natasha, uniq_jessica
D:3:      layout_basic
D:4:      layout_loops_corners, mainiacjoe_overflow_divided_tiny, serial_shops,
          nicolae_shop_tiny_glass, shop, shop, nicolae_shop_advertising_works
          [nicolae_subvault_shop_adworks], shop
D:5:      layout_basic, minmay_temple_entry_statues_fountains,
          chequers_serial_rivers_small_b, st_stairs_4, kennysheep_nub,
          uniq_eustachio
D:6:      layout_rooms, kennysheep_pointless_box, grunt_ministairs_10,
          skrybe_limestone_x, chequers_serial_rivers_room_a, uniq_menkaure,
          uniq_edmund
D:7:      layout_gridville, minmay_misc_feat_hallway
D:8:      layout_gridville, serial_shops, shop, enter_bailey_5
D:9:      layout_basic, statue_in_the_mist_lemuel
D:10:     layout_rooms, uniq_psyche
D:11:     layout_cave_pools, david_lair_shrubbed,
          nicolae_uskayaw_murder_on_the_dancefloor
Temple:   mainiacjoe_temple_cubbyholes

Skill      XL: |  1  2  3  4  5  6  7  8  9 10 11 |
---------------+----------------------------------+-----
Dodging        | 3 5 8 |  8.0
Unarmed Combat | 4 5 6 7 9 10 12 | 12.7
Shapeshifting  | 5 6 7 8 10 11 13 | 13.8
Stealth        | 1 3 |  3.7
Invocations    | 1 3 |  3.0
Fighting       | 3 |  3.7

Action                     |  1- 3 |  4- 6 |  7- 9 | 10-12 || total
---------------------------+-------+-------+-------+-------++-------
  Melee: Unarmed           |    94 |   184 |   279 |   253 ||   810
         Punch             |     3 |       |     7 |    14 ||    24
         Tailslap          |       |       |     1 |       ||     1
Ability: Begin Untransform |       |     1 |     1 |       ||     2
  Evoke: Wand              |       |     1 |       |     2 ||     3
    Use: Scroll            |       |     4 |     3 |     3 ||    10
         Potion            |       |     1 |     4 |     7 ||    12
   Stab: Sleeping          |     1 |       |       |       ||     1
         Invisible         |       |       |       |     3 ||     3
 Armour: Animal skin       |    41 |    22 |       |       ||    63
         Ring mail         |       |    33 |       |       ||    33
         Robe              |       |    45 |   174 |    57 ||   276
         Skin              |       |       |       |    76 ||    76
  Dodge: Dodged            |    43 |   119 |   230 |   178 ||   570
   Form: Flux              |       |     1 |       |       ||     1
         Blade             |       |       |     1 |       ||     1

Table legend: (Time is in decaauts)
 A = Elapsed time spent in this place.
 B = Non-inter-level travel time spent in this place.
 C = Inter-level travel time spent in this place.
 D = Time resting spent in this place.
 E = Time spent auto-exploring this place.
 F = Levels seen in this place.
 G = Mean time per level.
                   A        B        C        D        E       F      G
               +--------+--------+--------+--------+--------+-----+--------+
         Total |   9579 |   9243 |    336 |   1472 |   5787 |  13 |  736.8 |
       Dungeon |   8889 |   8608 |    281 |   1127 |   5768 |  11 |  808.1 |
        Temple |    122 |     67 |     55 |      0 |      0 |   1 |  122.0 |
        Bailey |    567 |    567 |      0 |    344 |     19 |   1 |  567.0 |
               +--------+--------+--------+--------+--------+-----+--------+

Top non-repeatable levels by time:
     D:5: 1158 daAuts
     D:4: 1037 daAuts
     D:2: 1019 daAuts
     D:7: 916 daAuts
     D:8: 816 daAuts
     D:1: 799 daAuts
     D:9: 770 daAuts
     D:3: 769 daAuts
     D:6: 717 daAuts
    D:10: 643 daAuts
  Bailey: 567 daAuts
    D:11: 240 daAuts
  Temple: 122 daAuts
